AoeStats
← OnPlayerExitVehicle v2

Hill Fort

503877260Analyzed
3v3 RM · 1mo ago on Sep 2, 2026· 59m 30s· 6 players
Game mode
Random Map
Map size
Normal (6 player)
Population
200
Speed
Normal
Resources
Standard
Victory
Conquest
Starting age
Dark Age
Ending age
Imperial Age
RankedLock teamsTeams togetherTeam positionsShared explorationLock speedFull tech treeHidden civsTurbo modeCheats
Victory
Defeat
🇺🇸 Khmer · United States
800
+15
🇦🇷 Tupi · Argentina
758
+17
🇺🇸 Teutons · United States
738
+18
🇹🇷 Italians · Türkiye
800
-18
🇹🇷 Khmer · Türkiye
787
-17
🇹🇷 Mongols · Türkiye
772
-44
theTipsyAviator
8:44 Loom
10:30 Feudal Age
12:48 Double-Bit Axe
16:16 Horse Collar
18:09 Wheelbarrow
17:51 Fletching
18:24 Forging
19:43 Stone Mining
19:46 Gold Mining
23:05 Castle Age
24:52 Bow Saw
25:22 Stone Shaft Mining
25:25 Gold Shaft Mining
25:54 Bodkin Arrow
26:35 Iron Casting
26:22 Bloodlines
28:49 Padded Archer Armor
31:03 Caravan
33:11 Hand Cart
36:22 Imperial Age
34:44 Husbandry
35:49 Town Watch
37:19 Double Crossbow
37:40 Conscription
38:04 Heavy Plow
38:33 Ballistics
39:14 Chemistry
38:11 Murder Holes
38:07 Guard Tower
42:40 Blast Furnace
41:40 Bracer
41:57 Leather Archer Armor
41:57 Siege Engineers
42:04 Masonry
43:09 Crop Rotation
43:59 Elite Ballista Elephant
45:55 Elite Skirmisher
48:27 Ring Archer Armor
48:00 Scale Mail Armor
48:06 Scale Barding Armor
50:15 Keep
50:12 Architecture
49:55 Fortified Wall
50:08 Chain Mail Armor
51:40 Capped Ram
52:34 Siege Ram
56:28 Onager
Cdubs33
2:18 Loom
12:47 Feudal Age
13:10 Horse Collar
14:06 Double-Bit Axe
21:43 Castle Age
20:40 Gold Mining
20:41 Stone Mining
23:33 Bow Saw
23:24 Heavy Plow
27:53 Wheelbarrow
27:48 Caravan
29:31 Hand Cart
29:04 Town Watch
35:30 Imperial Age
33:28 Ballistics
32:32 Elite Skirmisher
32:58 Gambesons
33:14 Squires
33:16 Fletching
33:27 Padded Archer Armor
33:38 Forging
33:29 Scale Mail Armor
33:18 Arson
36:21 Iron Casting
35:41 Bodkin Arrow
36:02 Leather Archer Armor
35:43 Guard Tower
36:04 Masonry
36:17 Fervor
36:29 Sanctity
36:10 Devotion
37:24 Chemistry
36:35 Siege Engineers
37:20 Crop Rotation
37:44 Stone Shaft Mining
38:24 Two-Man Saw
37:47 Elite Teutonic Knight
40:41 Conscription
42:10 Blast Furnace
41:26 Chain Mail Armor
41:50 Ring Archer Armor
45:53 Pikeman
50:00 Ironclad
53:47 Onager
60:12 Plate Mail Armor
AlandorH
8:31 Loom
11:01 Feudal Age
11:55 Double-Bit Axe
21:54 Castle Age
20:00 Fletching
20:11 Padded Archer Armor
22:48 Squires
22:09 Champi Runner
22:10 Pikeman
24:52 Horse Collar
25:25 Bow Saw
28:56 Scale Mail Armor
29:07 Forging
30:02 Wheelbarrow
29:13 Town Watch
34:10 Imperial Age
32:36 Stone Mining
32:42 Gold Mining
35:21 Heavy Plow
34:52 Halberdier
35:54 Treadmill Crane
36:35 Ballistics
37:18 Conscription
37:22 Leather Archer Armor
37:22 Chain Mail Armor
38:12 Gold Shaft Mining
39:08 Curare
44:19 Plate Mail Armor
44:20 Ring Archer Armor
43:46 Bodkin Arrow
44:27 Iron Casting
46:24 Elite Blackwood Archer
47:53 Bracer
49:13 Chemistry
51:27 Hand Cart
51:13 Town Patrol
51:41 Caravan
51:20 Onager
57:27 Two-Man Saw
57:37 Champi Runner
58:47 Caciques
EmirBagtas
12:29 Feudal Age
12:57 Double-Bit Axe
16:33 Horse Collar
21:42 Castle Age
20:26 Gold Mining
20:27 Stone Mining
22:51 Bow Saw
23:09 Heavy Plow
29:21 Gold Shaft Mining
29:22 Stone Shaft Mining
29:39 Caravan
32:33 Husbandry
38:28 Imperial Age
37:16 Wheelbarrow
36:27 Loom
38:32 Ballistics
39:31 Conscription
39:19 Double Crossbow
40:29 Chemistry
40:47 Bloodlines
40:49 Siege Engineers
40:45 Heavy Scorpion
46:16 Elite Battle Elephant
50:49 Capped Ram
burakack
11:40 Feudal Age
13:16 Double-Bit Axe
14:56 Stone Mining
14:58 Gold Mining
21:53 Castle Age
21:32 Wheelbarrow
24:28 Bow Saw
24:01 Horse Collar
25:36 Stone Shaft Mining
27:05 Heavy Plow
28:56 Loom
29:26 Hand Cart
28:57 Town Watch
30:16 Fletching
30:26 Padded Archer Armor
36:29 Imperial Age
34:00 Town Patrol
35:19 Leather Archer Armor
35:01 Bodkin Arrow
40:43 Elite Genoese Crossbowman
41:57 Ring Archer Armor
41:33 Crossbowman
42:20 Thumb Ring
44:54 Chemistry
44:14 Ballistics
44:45 Conscription
57:11 Bracer
OnPlayerExitVehicle v2
12:39 Feudal Age
26:37 Castle Age
25:00 Forging
25:05 Scale Barding Armor
25:06 Gold Mining
25:07 Stone Mining
25:12 Double-Bit Axe
25:21 Horse Collar
26:10 Bloodlines
28:21 Iron Casting
27:43 Fletching
28:58 Husbandry
49:03 Gold Shaft Mining
49:03 Stone Shaft Mining
Connection lost

Rejoining the realm…

Still unreachable

The connection could not be restored.

Session expired

The server has moved on; the page needs a fresh start.